 Dungeon Crawl Stone Soup version 0.21.1-1-g345015f (webtiles) character file.

31 inc the Vexing (level 3, 0/14 HPs)
             Began as a Felid Enchanter on Feb 21, 2018.
             Slain by Terence
             ... wielding a +0 falchion
              (7 damage)
             ... on level 2 of the Dungeon.
             The game lasted 00:04:11 (1308 turns).

inc the Vexing (Felid Enchanter)                    Turns: 1308, Time: 00:04:12

Health: 0/14       AC:  1    Str:  4    XL:     3   Next: 7%
Magic:  1/7        EV: 18    Int: 17    God:
Gold:   85         SH:  0    Dex: 16    Spells: 3/6 levels left
                                        Lives:  0   Deaths: 0

rFire    . . .     SeeInvis +     - Unarmed
rCold    . . .     Gourm    .   (shield unavailable)
rNeg     . . .     Faith    .   (armour unavailable)
rPois    .         Spirit   .   (helmet unavailable)
rElec    .         Reflect  .   (cloak unavailable)
rCorr    +         Harm     .   (gloves unavailable)
MR       .....                  (boots unavailable)
Stlth    +++.......             (no amulet)
HPRegen  0.04/turn              f - ring of resist corrosion
MPRegen  0.10/turn              (no ring)

@: quick
A: very small, no armour, no weapons or thrown items, stealth, claws 1, fangs 3,
see invisible, carnivore, speed 1, shaggy fur 1, slow metabolism 1, sharp paws
a: no special abilities


You were on level 2 of the Dungeon.
You were full.

You visited 1 branch of the dungeon, and saw 2 of its levels.

You collected 85 gold pieces.

Inventory:

Jewellery
 f - a ring of resist corrosion (left paw)
Scrolls
 d - a scroll of random uselessness {unknown}
 g - 2 scrolls of teleportation {unknown}
Potions
 c - 2 potions of might {unknown}
Books
 a - a book of Maledictions

   Spells                             Type                      Level
   a - Corona                         Hexes                        1
   b - Ensorcelled Hibernation        Hexes/Ice                    2
   c - Confuse                        Hexes                        3
   d - Tukima's Dance                 Hexes                        3
   e - Dazzling Spray                 Conjuration/Hexes            3
Comestibles
 b - 3 rations


   Skills:
 - Level 2.6 Dodging
 - Level 4.0 Stealth
 + Level 3.1 Unarmed Combat
 - Level 2.0 Spellcasting
 - Level 4.4 Hexes


You had 3 spell levels left.
You knew the following spells:

 Your Spells              Type           Power        Failure   Level  Hunger
a - Corona                Hex            ###....      3%          1    #......
b - Ensorcelled Hibernat  Hex/Ice        #.....       12%         2    ###....


Dungeon Overview and Level Annotations

Branches:
Dungeon (2/15)

Altars:
Hepliaklqana
Okawaru

Annotations:
D:2 Terence


Innate Abilities, Weirdness & Mutations

You cannot wear armour.
You are incapable of wielding weapons or throwing items.
Your paws allow you to move quietly. (Stealth)
You have sharp claws.
You have razor-sharp teeth.
You have supernaturally acute eyesight. (SInv)
You are carnivorous and can eat meat at any time.
You cover ground quickly.
You are covered in fur. (AC +1)
You have a slow metabolism.
Your sharp claws are effective at attacking unaware monsters.


Message History

You barely miss Terence.
Terence is almost dead.
Terence screams, "I want your blood!" Terence closely misses you.
You scratch Terence but do no damage. You bite Terence, but do no damage.
Terence is almost dead.
Terence misses you.
You scratch Terence but do no damage.
Terence is almost dead.
Terence hits you with a falchion.
You scratch Terence but do no damage.
Terence is almost dead.
You barely miss Terence.
Terence is almost dead.
Terence closely misses you.
You scratch Terence but do no damage. You bite Terence, but do no damage.
Terence is almost dead.
Terence hits you with a falchion!
Ouch! That really hurt!
You die...

#.......#
#.......#
#.......#
#.......#
#.......#
###.......#
#.'.......+
#.#.......#
#@#########
#@##########
#.##.......#
#.##.......#
#..'.......#
####@......#
#.......#
#@......#
#.......#


You could see Terence.

Vanquished Creatures
  2 oozes (D:1)
  2 giant cockroaches (D:1)
  A hobgoblin (D:1)
  2 jackals (D:2)
  4 kobolds (D:1)
  5 bats (D:1)
  3 frilled lizards (D:1)
  6 rats (D:1)
25 creatures vanquished.

Notes
Turn   | Place    | Note
-------+----------+-------------------------------------------
     0 | D:1      | inc the Felid Enchanter began the quest for the Orb.
     0 | D:1      | Reached XP level 1. HP: 7/7 MP: 4/4
   539 | D:1      | Reached XP level 2. HP: 11/11 MP: 6/6
   558 | D:1      | Learned a level 2 spell: Ensorcelled Hibernation
   964 | D:1      | Reached XP level 3. HP: 14/14 MP: 7/7
  1046 | D:2      | Found an iron altar of Okawaru.
  1140 | D:2      | Found a hazy altar of Hepliaklqana.
  1181 | D:2      | Noticed Terence
  1308 | D:2      | Slain by Terence

Skill      XL: |  1  2 |
---------------+-------+-----
Unarmed Combat | 2 3 |  3.1
Dodging        | |  2.6
Stealth        | |  4.0
Spellcasting   | |  2.0
Hexes          | |  4.4

Action                   || total
-------------------------++-------
Melee: Unarmed           ||    79
       Bite              ||     7
 Cast: Ensorcelled Hiber ||     7
 Stab: Sleeping          ||    11
  Eat: Chunk             ||     5
Armor: Skin              ||     2
Dodge: Dodged            ||    57
